AoeStats
← MadCat

Nomad

509434269Analyzed
2v2 RM · 4d ago on Sep 26, 2026· 28m 29s· 4 players
Game mode
Random Map
Map size
176×176
Population
200
Speed
Normal
Resources
Standard
Victory
Conquest
Starting age
Dark Age
Ending age
Imperial Age
RankedLock teamsTeams togetherTeam positionsShared explorationLock speedFull tech treeHidden civsTurbo modeCheats
Victory
Defeat
🇩🇪 Magyars · Germany
1031
+18
🇩🇪 Japanese · Germany
1008
+19
🇮🇹 Cumans · Italy
1084
-19
🇩🇪 Teutons · Germany
1051
-53
The Joker
14:07 Feudal Age
12:24 Loom
16:39 Double-Bit Axe
18:09 Bloodlines
18:21 Horse Collar
23:16 Scale Mail Armor
25:27 Castle Age
24:22 Forging
27:14 Scale Barding Armor
Slash13
5:43 Loom
15:34 Feudal Age
18:53 Fletching
MadCat
5:23 Loom
15:18 Feudal Age
16:18 Town Watch
19:16 Castle Age
schnage
6:24 Loom
10:57 Loom
13:07 Feudal Age
14:17 Double-Bit Axe
20:01 Fletching
23:39 Castle Age
27:19 Wheelbarrow
Connection lost

Rejoining the realm…

Still unreachable

The connection could not be restored.

Session expired

The server has moved on; the page needs a fresh start.